 Dungeon Crawl Stone Soup version 0.27-a0-1579-g97d2440184 (webtiles) character file.

Game seed: 3444737862620297523

14 Spaninq the Skirmisher (level 2, 0/24 HPs)
             Began as a Demonspawn Berserker on July 17, 2021.
             Was a Follower of Trog.
             Succumbed to an adder's poison
             ... on level 2 of the Dungeon.
             The game lasted 00:02:19 (683 turns).

Spaninq the Skirmisher (Demonspawn Berserker)        Turns: 683, Time: 00:02:20

Health: 0/24       AC:  2    Str: 17    XL:     2   Next: 31%
Magic:  2/2        EV: 12    Int:  8    God:    Trog [*.....]
Gold:   35         SH:  0    Dex: 12    Spells: 1/1 levels left

rFire    . . .     SeeInvis .   a - +0 falchion
rCold    . . .     Faith    .   (no shield)
rNeg     . . .     Spirit   .   b - +0 animal skin
rPois    .         Reflect  .   (no helmet)
rElec    .         Harm     .   (no cloak)
rCorr    .         Rampage  .   (no gloves)
Will     .....                  (no boots)
Stlth    +.........             (no amulet)
HPRegen  0.08/turn              (no ring)
MPRegen  0.08/turn              (no ring)

@: mighty, lethally poisoned (0 -> -15)
A: claws 1
a: Renounce Religion, Berserk


You were on level 2 of the Dungeon.
You worshipped Trog.
Trog was aware of your devotion.
You visited 1 branch of the dungeon, and saw 2 of its levels.

You collected 35 gold pieces.

Inventory:

Hand Weapons
 a - a +0 falchion (weapon)
Armour
 b - a +0 animal skin (worn)
Jewellery
 f - a ring of flight
Scrolls
 c - a scroll of enchant armour {unknown}
 h - a scroll of noise {unknown}
Potions
 d - 2 potions of might
 e - a potion of heal wounds {unknown}
 g - a potion of curing {unknown}


   Skills:
 + Level 3.1 Fighting
 * Level 3.0 Long Blades
 + Level 2.0 Armour
 + Level 2.0 Dodging


You had one spell level left.
You didn't know any spells.
Your spell library was empty.

Dungeon Overview and Level Annotations

Branches:
Dungeon (2/15)

Altars:


Innate Abilities, Weirdness & Mutations

You have sharp fingernails.


Message History

Found 2 sapphire potions.
The dart slug barely misses you.
You riposte.
You slash the dart slug!
The dart slug is severely wounded.
You hit the dart slug.
You kill the dart slug!
Trog accepts your kill.
Your Long Blades skill increases to level 3!
d - 3 sapphire potions (gained 2)
A bat comes into view.
You hit the bat.
You kill the bat!
Trog accepts your kill.
An adder comes into view.
You closely miss the adder. The adder bites you. x2
You closely miss the adder. The adder closely misses you.
You closely miss the adder. The adder bites you.
You are poisoned.
The adder poisons you! The adder bites you.
You hit the adder.
The adder is heavily wounded.
You feel sick. The adder closely misses you.
You riposte.
You hit the adder but do no damage.
The adder is heavily wounded.
You hit the adder.
The adder is almost dead.
You feel sick. The adder bites you.
You are lethally poisoned!
The adder poisons you! The adder bites you.
You hit the adder but do no damage.
The adder is almost dead.
* * * LOW HITPOINT WARNING * * *
You feel very sick. The adder bites you.
* * * LOW HITPOINT WARNING * * *
You are more poisoned.
The adder poisons you!
Okay, then.
It was a potion of might.
You feel very mighty all of a sudden.
You die...

#.# ########
..........###.#
#
..........#...#
#
.........#...#
# #.......#...#
# #.......#...#
# #.......#...#
# #...S...#...#
#@# #...#
#.###...#
#.......#
#.####### ###


You could see an adder.

Vanquished Creatures
  A dart slug (D:2)
  2 ball pythons (D:1)
  A giant cockroach (D:1)
  A goblin (D:1)
  A quokka (D:1)
  A bat (D:2)
  3 frilled lizards (D:1)
  2 kobolds (D:1)
  2 rats (D:1)
14 creatures vanquished.

Notes
Turn   | Place    | Note
-------+----------+-------------------------------------------
     0 | D:1      | Spaninq the Demonspawn Berserker began the quest for the
                  | Orb.
     0 | D:1      | Reached XP level 1. HP: 18/18 MP: 1/1
   406 | D:1      | Gained mutation: You have sharp fingernails. [demonic
                  | ancestry]
   406 | D:1      | Reached XP level 2. HP: 22/24 MP: 2/2
   683 | D:2      | Succumbed to an adder's poison

Illustrated notes

Levels and vault maps discovered:
D:1:      minmay_arrival_stone_box, layout_basic
D:2:      layout_basic, serial_shops, nicolae_lakefront_shop,
          shapermc_ecumenical_altar_hornbeckon,
          wander_ebering_terrifying_dragon_lair

Skill      XL: |  1  2 |
---------------+-------+-----
Dodging        | 2 |  2.0
Armour         | 2 |  2.0
Long Blades    | 3 |  3.0
Fighting       | |  3.1

Action                   || total
-------------------------++-------
Melee: Falchion          ||    36
  Use: Potion            ||     1
Armor: Animal skin       ||     5
Dodge: Dodged            ||    25
       Rpst.: Falchion   ||     7

Table legend: (Time is in decaauts)
 A = Elapsed time spent in this place.
 B = Non-inter-level travel time spent in this place.
 C = Inter-level travel time spent in this place.
 D = Time resting spent in this place.
 E = Time spent auto-exploring this place.
 F = Levels seen in this place.
 G = Mean time per level.
                   A        B        C        D        E       F      G
               +--------+--------+--------+--------+--------+-----+--------+
         Total |    688 |    655 |     33 |      0 |    527 |   2 |  344.0 |
       Dungeon |    688 |    655 |     33 |      0 |    527 |   2 |  344.0 |
               +--------+--------+--------+--------+--------+-----+--------+

Top non-repeatable levels by time:
     D:1: 611 daAuts
     D:2: 77 daAuts
